 Dungeon Crawl Stone Soup version 0.25.1-2-g60ff931df9 (webtiles) character file.

Game seed: 2180528730965797294

2730 Exodus22XD the Poker (level 9, -2/65 HPs)
             Began as a Demonspawn Gladiator on Oct 31, 2020.
             Was a Follower of Uskayaw.
             Slain by an orc warrior
             ... wielding a +0 short sword
              (16 damage)
             ... on level 8 of the Dungeon.
             The game lasted 00:11:33 (8412 turns).

Exodus22XD the Poker (Demonspawn Gladiator)         Turns: 8412, Time: 00:11:33

Health: -2/65      AC:  8    Str: 17    XL:     9   Next: 40%
Magic:  12/12      EV: 11    Int: 11    God:    Uskayaw [*.....]
Gold:   500        SH: 16    Dex: 18    Spells: 8/8 levels left

rFire    x . .     SeeInvis .   a - +0 trident
rCold    + . .     Gourm    .   r - +0 kite shield
rNeg     . . .     Faith    .   k - +0 ring mail
rPois    +         Spirit   .   c - +0 helmet
rElec    .         Reflect  +   (no cloak)
rCorr    .         Harm     .   (gloves unavailable)
MR       .....                  x - +0 pair of boots
Stlth    +++.......             t - amulet of reflection
HPRegen  0.20/turn              K - ring of poison resistance
MPRegen  0.13/turn              u - ring of ice

@: no status effects
A: claws 3, thin skeletal structure 2, demonic guardian 1, powered by pain 1
a: Stomp, Renounce Religion


You were on level 8 of the Dungeon.
You worshipped Uskayaw.
Uskayaw was noncommittal.
You were very hungry.

You visited 2 branches of the dungeon, and saw 9 of its levels.

You collected 500 gold pieces.

Inventory:

Hand Weapons
 a - a +0 trident (weapon)
Missiles
 d - 3 throwing nets (quivered)
Armour
 b - a +0 leather armour
 c - a +0 helmet (worn)
 k - a +0 ring mail (worn)
 r - a +0 kite shield (worn)
 x - a +0 pair of boots (worn)
Jewellery
 t - an amulet of reflection (around neck)
 u - a ring of ice (right claw)
 E - an uncursed amulet of regeneration {unknown}
 K - a ring of poison resistance (left claw)
Wands
 p - a wand of iceblast (9)
 A - a wand of clouds (4)
 H - a wand of acid (11)
Scrolls
 e - 3 scrolls of identify {unknown}
 i - 2 scrolls of fog
 l - a scroll of immolation {unknown}
 n - 4 scrolls of teleportation {unknown}
 o - 6 scrolls of remove curse
 q - 3 scrolls of enchant weapon {unknown}
 v - 3 scrolls of enchant armour {unknown}
 w - a scroll of random uselessness {unknown}
 y - a scroll of amnesia {unknown}
 z - a scroll of summoning {unknown}
 C - a scroll of magic mapping {unknown}
 G - a scroll of noise {unknown}
 I - a scroll of holy word {unknown}
Potions
 g - a potion of cancellation {unknown}
 h - 3 potions of stabbing {unknown}
 j - 2 potions of haste
 m - 2 potions of resistance {unknown}
 s - 4 potions of heal wounds {unknown}
 B - 2 potions of flight {unknown}
 D - 2 potions of lignification {unknown}
 J - a potion of might {unknown}
Comestibles
 f - 17 rations


   Skills:
 + Level 4.0 Fighting
 + Level 7.1 Polearms
 - Level 1.7 Throwing
 + Level 3.5 Armour
 - Level 3.2 Dodging
 + Level 3.0 Stealth
 * Level 6.7 Shields
 * Level 4.6 Invocations


You had 8 spell levels left.
You didn't know any spells.
Your spell library contained the following spells:

 Spells                   Type           Power        Failure   Level  Hunger
 Confusing Touch          Hex            #.......     99%         3    ####...
 Gell's Gravitas          Tloc           #.........   99%         3    ####...
 Petrify                  Tmut/Erth      #.......     100%        4    #####..
 Metabolic Englaciation   Hex/Ice        #.........   100%        5    ######.
 Yara's Violent Unravell  Hex/Tmut       #.........   100%        5    ######.


Dungeon Overview and Level Annotations

Branches:
Dungeon (8/15)             Temple (1/1) D:6
   Lair: D:8-11

Altars:
Ashenzari
Cheibriados
Fedhas
Gozag
Kikubaaqudgha
Makhleb
Nemelex Xobeh
Okawaru
Qazlal
Ru
Sif Muna
Trog
Uskayaw
Wu Jian
Yredelemnul
Zin


Innate Abilities, Weirdness & Mutations

You have claws for hands.
You have a moderately thin skeletal structure. (Dex +4, Stealth+)
A weak demonic guardian rushes to your aid.
You sometimes gain a little power by taking damage.


Message History

You block the orc warrior's attack.
You hit the orc warrior but do no damage.
The orc warrior is heavily wounded.
You block the orc warrior's attack.
Unknown command.
You hit the orc warrior.
The orc warrior is severely wounded.
You block the orc warrior's attack.
You closely miss the orc warrior.
The orc warrior is severely wounded.
The orc warrior hits you with a +0 short sword!!
* * * LOW HITPOINT WARNING * * *
You hit the orc warrior.
The orc warrior is almost dead.
The orc warrior completely misses you.
Okay, then.
You barely miss the orc warrior.
The orc warrior is almost dead.
The orc warrior hits you with a +0 short sword!
You die...

#.# ##≈....≈#⌠≈...#.#
#.# ##.≈≈.$≈≈.##.⌠≈≈⌠
#####.#
#..#..#≈#.#≈.#..#
).....#
.≈##..#.#≈≈.#≈#.
#######
#..#≈⌠#⌠..#≈≈..
##.≈#..≈≈.≈...#
#########≈≈≈.WZ#..≈##
#.......######o######
####.#####......@.#
.....# ##########
######


You could see an orc warrior and a hound skeleton.

Vanquished Creatures
  Sigmund (D:6)
  A wyvern (D:8)
  A hungry ghost (D:8)
  A water moccasin (D:8)
  A sky beast (D:5)
  A phantom (D:4)
  2 centaurs
  Blork the orc (D:6)
  2 bullfrogs
  A wyvern skeleton (D:8)
  A scorpion (D:7)
  3 wights (D:6)
  3 crimson imps
  A howler monkey (D:6)
  2 quasits
  2 orc priests
  A bullfrog skeleton (D:8)
  A centaur zombie (D:5)
  3 jellies
  4 orc wizards
  4 hounds
  2 iguanas (D:4)
  3 worker ants
  A killer bee zombie (D:8)
  A hound zombie (D:6)
  2 hound skeletons
  2 worker ant zombies
  6 adders
  4 gnolls (D:7)
  2 shadow imps
  2 adder zombies (D:5)
  A worm (D:3)
  5 dart slugs
  3 leopard geckos
  13 orcs
  3 bats (D:1)
  6 giant cockroaches
  8 goblins
  7 hobgoblins
  3 jackals (D:6)
  3 kobolds
  4 quokkas
  4 ball pythons
  7 frilled lizards
  A quokka skeleton (D:6)
  13 rats
143 creatures vanquished.

Vanquished Creatures (collateral kills)
  An orc warrior (D:8)
  3 ogres
  A wyvern skeleton (D:7)
  A scorpion (D:4)
  A crimson imp (D:3)
  An orc priest (D:7)
  3 orc wizards
  A bullfrog skeleton (D:4)
  A hound zombie (D:5)
  3 orcs
  2 bats (D:8)
  A frilled lizard (D:4)
19 creatures vanquished.

Grand Total: 162 creatures vanquished

Notes
Turn   | Place    | Note
-------+----------+-------------------------------------------
     0 | D:1      | Exodus22XD the Demonspawn Gladiator began the quest for the
                  | Orb.
     0 | D:1      | Reached XP level 1. HP: 16/16 MP: 1/1
   137 | D:1      | Gained mutation: A weak demonic guardian rushes to your
                  | aid. [demonic ancestry]
   137 | D:1      | Reached XP level 2. HP: 22/22 MP: 2/2
   155 | D:1      | Reached skill level 3 in Polearms
   560 | D:1      | Found a sparkling altar of Nemelex Xobeh.
   630 | D:1      | Gained mutation: You have a somewhat thin skeletal
                  | structure. (Dex +2, Stealth) [demonic ancestry]
   630 | D:1      | Reached XP level 3. HP: 27/27 MP: 3/3
   972 | D:2      | Found an iron altar of Okawaru.
  1367 | D:2      | Found an ornate altar of the Wu Jian Council.
  1542 | D:2      | Found a bloodstained altar of Trog.
  1856 | D:2      | Gained mutation: You have a moderately thin skeletal
                  | structure. (Dex +4, Stealth+) [demonic ancestry]
  1856 | D:2      | Reached XP level 4. HP: 33/33 MP: 4/4
  2153 | D:3      | Reached skill level 4 in Polearms
  2397 | D:4      | Reached skill level 1 in Armour
  2397 | D:4      | Reached skill level 1 in Shields
  2399 | D:4      | Reached XP level 5. HP: 25/39 MP: 5/5
  2678 | D:4      | Noticed a phantom
  2724 | D:4      | Killed a phantom
  2724 | D:4      | Gained mutation: You sometimes gain a little power by
                  | taking damage. [demonic ancestry]
  2724 | D:4      | Reached XP level 6. HP: 37/46 MP: 6/6
  2979 | D:4      | Reached skill level 1 in Stealth
  3283 | D:4      | Reached skill level 5 in Polearms
  3283 | D:4      | Gained mutation: You have sharp fingernails. [demonic
                  | ancestry]
  3283 | D:4      | Reached XP level 7. HP: 37/51 MP: 7/7
  3456 | D:4      | Found a blossoming altar of Fedhas.
  3472 | D:5      | Entered Level 5 of the Dungeon
  4021 | D:5      | Found a sacrificial altar of Ru.
  4681 | D:5      | Found an opulent altar of Gozag.
  4682 | D:5      | Found a glowing silver altar of Zin.
  4786 | D:6      | Found a staircase to the Ecumenical Temple.
  4830 | Temple   | Entered the Ecumenical Temple
  4838 | Temple   | Became a worshipper of Uskayaw the Reveler
  4933 | D:6      | Reached * piety under Uskayaw
  5029 | D:6      | Reached ** piety under Uskayaw
  5101 | D:6      | Found a snail-covered altar of Cheibriados.
  5203 | D:6      | Noticed Blork the orc
  5210 | D:6      | Reached skill level 1 in Invocations
  5210 | D:6      | Gained mutation: You have very sharp fingernails. [demonic
                  | ancestry]
  5210 | D:6      | Reached XP level 8. HP: 46/58 MP: 8/8
  5214 | D:6      | Reached *** piety under Uskayaw
  5220 | D:6      | Reached **** piety under Uskayaw
  5226 | D:6      | Killed Blork the orc
  5227 | D:6      | Reached ***** piety under Uskayaw
  5355 | D:6      | Reached skill level 6 in Polearms
  5409 | D:6      | Noticed Sigmund
  5425 | D:6      | Killed Sigmund
  5425 | D:6      | Reached skill level 5 in Shields
  5670 | D:6      | Found a sparkling altar of Nemelex Xobeh.
  7159 | D:8      | Gained mutation: You have claws for hands. [demonic
                  | ancestry]
  7159 | D:8      | Reached XP level 9. HP: 33/65 MP: 11/11
  7480 | D:8      | Paralysed by fainting for 8 turns
  7812 | D:8      | Reached skill level 7 in Polearms
  8412 | D:8      | Slain by an orc warrior

Illustrated notes

Levels and vault maps discovered:
D:1:      lemuel_arrival_room, layout_loops_ring,
          nemelex_xobeh_ov_fountains_minmay
D:2:      layout_basic, old_standard_altar, okawaru_ov_weapons_minmay,
          nicolae_overflow_hidden_temple
D:3:      layout_rooms
D:4:      layout_cave_pools, lemuel_doored_altar, kennysheep_potato
D:5:      layout_basic, grunt_temple_overflow_gold_and_silver,
          nicolae_ru_the_path_less_chosen, first_ration
D:6:      layout_basic, cheibriados_altar_1, lemuel_coloured_pillars_altar,
          minmay_temple_entry_arrows, uniq_blork_the_orc, uniq_sigmund
D:7:      layout_basic
D:8:      layout_loops_ring, tgw_xom, nicolae_ossuary_entry_ruins,
          minmay_stone_trees_small
Temple:   eino_temple_lava

Skill      XL: |  1  2  3  4  5  6  7  8  9 |
---------------+----------------------------+-----
Dodging        | 3 |  3.2
Polearms       | 3 4 5 6 7 |  7.1
Armour         | 1 2 3 |  3.5
Shields        | 1 2 3 4 5 6 |  6.7
Stealth        | 1 2 3 |  3.0
Fighting       | 3 4 |  4.0
Invocations    | 1 3 4 |  4.6
Throwing       | |  1.7

Action                   |  1- 3 |  4- 6 |  7- 9 || total
-------------------------+-------+-------+-------++-------
Melee: Trident           |   149 |   158 |   524 ||   831
  Use: Scroll            |       |       |     3 ||     3
 Stab: Distracted        |     1 |     1 |     6 ||     8
       Sleeping          |       |     3 |     7 ||    10
       Paralysed         |       |       |    10 ||    10
  Eat: Chunk             |     3 |     5 |    16 ||    24
Armor: Leather armour    |    17 |       |       ||    17
       Ring mail         |    18 |    33 |   112 ||   163
Dodge: Dodged            |    68 |    36 |   155 ||   259
Block: Kite shield       |    12 |   104 |   403 ||   519
       Reflection        |       |     1 |     9 ||    10
